 Dungeon Crawl Stone Soup version 0.23-a0-384-g3a68796 (webtiles) character file.

6 Cryolive the Digger (level 1, 0/11 HPs)
             Began as a Gargoyle Earth Elementalist on Oct 27, 2018.
             Killed from afar by a dart slug (6 damage)
             ... with a slug dart
             ... on level 1 of the Dungeon.
             The game lasted 00:01:09 (193 turns).

Cryolive the Digger (Gargoyle Earth Elementalist)    Turns: 193, Time: 00:01:11

Health: 0/11       AC:  4    Str: 11    XL:     1   Next: 90%
Magic:  3/3        EV: 12    Int: 15    God:
Gold:   33         SH:  0    Dex: 10    Spells: 3/4 levels left

rFire    . . .     SeeInvis .   (no weapon)
rCold    . . .     Gourm    .   (no shield)
rNeg     + . .     Faith    .   c - +0 robe
rPois    ∞         Spirit   .   (no helmet)
rElec    +         Reflect  .   (no cloak)
rCorr    .         Harm     .   (no gloves)
MR       .....                  (no boots)
Stlth    ++........             (no amulet)
HPRegen  0.03/turn              (no ring)
MPRegen  0.08/turn              (no ring)

@: no status effects
A: negative energy resistance 1, electricity resistance, unbreathing,
petrification resistance, rot immunity, AC +2
a: no special abilities


You were on level 1 of the Dungeon.
You were not hungry.

You visited 1 branch of the dungeon, and saw 1 of its levels.

You collected 33 gold pieces.

Inventory:

Missiles
 b - 30 stones (quivered)
Armour
 c - a +0 robe (worn)
Scrolls
 a - a scroll of teleportation {unknown}
 e - a scroll of fear {unknown}
Potions
 g - a potion of heal wounds {unknown}
Comestibles
 d - a ration
 f - a chunk of flesh


   Skills:
 + Level 0.4 Fighting
 + Level 0.4 Armour
 + Level 1.6 Dodging
 - Level 2.1 Stealth
 + Level 2.1 Spellcasting
   Level 0.7 Transmutations
 + Level 3.7 Earth Magic


You had 3 spell levels left.
You knew the following spells:

 Your Spells              Type           Power        Failure   Level  Hunger
a - Sandblast             Erth           ##....       4%          1    #......

Your spell library contained the following spells:

 Spells                   Type           Power        Failure   Level  Hunger
 Passwall                 Tmut/Erth      #.......     13%         2    ###....
 Stone Arrow              Conj/Erth      #.....       30%         3    ###....
 Petrify                  Tmut/Erth      #.......     65%         4    #####..
 Lee's Rapid Deconstruct  Erth           ##........   78%         5    ######.


Dungeon Overview and Level Annotations

Branches:
Dungeon (1/15)

Altars:


Innate Abilities, Weirdness & Mutations

You are resistant to torment.
Your stone body is resilient. (AC +2)
You are immune to poison.
You resist negative energy. (rN+)
You are resistant to electric shocks. (rElec)
You can survive without breathing.
You are immune to petrification.
You are immune to rotting.


Message History

The bat is severely wounded.
The bat hits you but does no damage. The bat closely misses you.
You barely miss the bat.
The bat is severely wounded.
The bat closely misses you.
You hit the bat.
You kill the bat!
You see here a bat corpse.
There is a staircase leading out of the dungeon here.
A goblin comes into view. It is wielding a +0 club.
A bat and a dart slug come into view.
Found a ration.
Found an escape hatch in the floor.
Found a stone staircase leading down.
The helpless goblin fails to defend itself.
You hit the goblin.
The goblin is heavily wounded.
The dart slug launches a dart at you. The slug dart hits you!
Ouch! That really hurt!
You die...

##....## .......##
>##.### .#####..##
....... #.....#..##
....... .....[.#..##
.w..... ...<....#..#
....... .......#..##
%......
#.....#..########.......
.#####..........@g......
.......##########.......
######## >....## .......
.....## ....... #.....#
b....#


You could see a dart slug, a goblin and a bat (sleeping).

Vanquished Creatures
  2 dart slugs (D:1)
  A bat (D:1)
3 creatures vanquished.

Notes
Turn   | Place    | Note
-------+----------+-------------------------------------------
     0 | D:1      | Cryolive the Gargoyle Earth Elementalist began the quest
                  | for the Orb.
     0 | D:1      | Reached XP level 1. HP: 10/10 MP: 3/3
   193 | D:1      | Killed from afar by a dart slug

Vault maps used:
D:1:      scummos_arrival_hexagon

Action                   || total
-------------------------++-------
Melee: Unarmed           ||    25
 Stab: Sleeping          ||     1
Armor: Robe              ||     8
Dodge: Dodged            ||    14

Table legend:
 A = Non-vault XP
 B = Vault XP
 C = Vault XP percentage of total XP
 D = Non-vault monster count
 E = Vault monster count
 F = Vault count percentage of total count
                 A         B        C        D         E       F
            +---------+---------+-------+---------+---------+-------
      Total |       9 |       0 |   0.0 |       3 |       0 |   0.0
            +---------+---------+-------+---------+---------+-------
        D:1 |       9 |       0 |   0.0 |       3 |       0 |   0.0
            +---------+---------+-------+---------+---------+-------
